 Dungeon Crawl Stone Soup version 0.28.0-43-g3370ac3207 (webtiles) character file.

Game seed: 17503912086346712885

39 terff the Sneak (level 3, 0/24 HPs)
             Began as an Octopode Brigand on Mar 20, 2022.
             Frozen to death by an endoplasm (5 damage)
             ... on level 2 of the Dungeon.
             The game lasted 00:03:06 (1590 turns).

terff the Sneak (Octopode Brigand)                  Turns: 1590, Time: 00:03:07

Health: 0/24       AC:  1    Str: 10    XL:     3   Next: 45%
Magic:  3/3        EV: 12    Int: 13    God:
Gold:   61         SH:  0    Dex: 15    Spells: 2/2 levels left

rFire   . . .      SeeInvis .   a - +2 dagger
rCold   . . .      Faith    .   (no shield)
rNeg    . . .      Spirit   .   (helmet restricted)
rPois   .          Reflect  .   (no amulet)
rElec   .          Harm     .   (no ring)
rCorr   .          Rampage  .   (no ring)
Will    .....                   (no ring)
Stlth   ++++......              (no ring)
HPRegen 0.08/turn               (no ring)
MPRegen 0.08/turn               (no ring)
                                (no ring)
                                (no ring)

@: no status effects
A: almost no armour, amphibious, 8 rings, camouflage 1, gelatinous body 1,
(nimble swimmer 1), tentacles
a: no special abilities


You were on level 2 of the Dungeon.
You visited 1 branch of the dungeon, and saw 2 of its levels.

You collected 61 gold pieces.

Inventory:

Hand Weapons
 a - a +2 dagger (weapon)
 f - a +0 battleaxe
Missiles
 b - 8 poisoned darts (quivered)
 c - 2 curare-tipped darts
Scrolls
 d - a scroll of immolation
 e - 2 scrolls of identify


   Skills:
 + Level 2.0 Fighting
 + Level 2.2 Short Blades
 + Level 2.3 Throwing
 + Level 1.0 Dodging
 + Level 6.7 Stealth


You had 2 spell levels left.
You didn't know any spells.
Your spell library was empty.

Dungeon Overview and Level Annotations

Branches:
Dungeon (2/15)

Altars:

Shops:
D:1 [


Innate Abilities, Weirdness & Mutations

You cannot wear most types of armour.
You are amphibious.
You can wear up to eight rings at the same time.
Your skin changes colour to match your surroundings (Stealth+).
Your rubbery body absorbs attacks. (AC +1, EV +1)
((You are camouflaged when in or above water. (Stealth+)))
You have tentacles for arms and can constrict up to eight enemies at once.


Message History

You kill the endoplasm!
A ball python is nearby!
The helpless ball python fails to defend itself.
You impale the ball python!!
You kill the ball python!
You open the door.
There is an open door here.
You open the door. You open the door.
An endoplasm comes into view.
The endoplasm moves out of view.
There is an open door here.
Found a stone staircase leading up.
A worm and a ball python come into view.
The ball python hisses angrily.
The worm moves out of view.
The ball python completely misses you. The ball python barely misses you.
You closely miss the ball python.
The endoplasm quivers.
You grab the ball python. You constrict the ball python.
The ball python misses you. The ball python closely misses you.
You hit the ball python.
The ball python is severely wounded.
You constrict the ball python.
You kill the ball python!
You hit the worm but do no damage. You grab the worm. You constrict the worm.
The worm bites you!
You hit the worm.
The worm is moderately wounded.
You constrict the worm. You hit the worm. You squeeze the worm.
The worm is severely wounded.
You constrict the worm. The endoplasm hits you. The worm bites you!
* * * LOW HITPOINT WARNING * * *
You hit the worm.
The worm is almost dead.
You constrict the worm. The endoplasm freezes you.
You are frozen.
You die...

#. #.# #.. #.#
###<.##.### .........
#..#...## #.......# #
#..#.J.##..#
#...w@.....#
#####.###### #. #.# #.
##'## .## ##...## #.#
..# ##.....## #.# #.#
##.......## ##.###.#
#.........####...##.##
+.........'...........


You could see a worm and an endoplasm.

Vanquished Creatures
  An adder (D:2)
  5 ball pythons
  6 endoplasms
  A giant cockroach (D:1)
  A goblin (D:1)
  3 hobgoblins (D:1)
  3 jackals (D:1)
  2 bats (D:1)
  A frilled lizard (D:1)
  3 rats
26 creatures vanquished.

Notes
Turn   | Place    | Note
-------+----------+-------------------------------------------
     0 | D:1      | terff the Octopode Brigand began the quest for the Orb.
     0 | D:1      | Reached XP level 1. HP: 14/14 MP: 1/1
   190 | D:1      | Found Asamapn's Antique Armour Shop.
   484 | D:1      | Reached XP level 2. HP: 19/19 MP: 2/2
   498 | D:1      | Reached skill level 6 in Stealth
   848 | D:1      | Found a faded altar of an unknown god.
  1204 | D:2      | Reached XP level 3. HP: 11/24 MP: 3/3
  1590 | D:2      | Frozen to death by an endoplasm

Illustrated notes

Levels and vault maps discovered:
D:1:      lemuel_arrival_lava_pool, layout_basic,
          shapermc_ecumenical_altar_starsandcircs, serial_shops,
          nicolae_shop_overgrown_old_shop, feat_on_display
D:2:      layout_loops_corners, chequers_serial_rivers_micro_a,
          uniq_crazy_yiuf_cottage

Skill      XL: |  1  2 |
---------------+-------+-----
Stealth        | 6 |  6.7
Fighting       | |  2.0
Short Blades   | |  2.2
Throwing       | |  2.3
Dodging        | |  1.0

Action                   || total
-------------------------++-------
Melee: Dagger            ||    43
       Tentacles         ||    10
       Constrict         ||     9
  Use: Scroll            ||     3
 Stab: Sleeping          ||    10
Armor: Skin              ||     1
Dodge: Dodged            ||    15
